 Dungeon Crawl Stone Soup version 0.29.0-11-gd7f09526c8 (webtiles) character file.

Game seed: 12299216329874782780

18 Flugkiller the Covered (level 2, 26/27 HPs)
             Began as a Minotaur Fighter on Sept 6, 2022.
             Quit the game on level 1 of the Dungeon.
             The game lasted 00:00:20 (480 turns).

Flugkiller the Covered (Minotaur Fighter)            Turns: 480, Time: 00:00:21

Health: 26/27      AC:  7    Str: 20    XL:     2   Next: 51%
Magic:  1/1        EV:  6    Int:  5    God:
Gold:   0          SH:  4    Dex:  9    Spells: 1/1 levels left

rFire   . . .      SeeInvis .   a - +0 war axe
rCold   . . .      Faith    .   c - +0 buckler
rNeg    . . .      Spirit   .   b - +0 scale mail
rPois   .          Reflect  .   (helmet restricted)
rElec   .          Harm     .   (no cloak)
rCorr   .          Rampage  .   (no gloves)
Will    .....                   (no boots)
Stlth   ..........              (no amulet)
HPRegen 0.09/turn               (no ring)
MPRegen 0.07/turn               (no ring)

@: constricted
A: horns 2, retaliatory headbutt
a: no special abilities


You were on level 1 of the Dungeon.
You visited 1 branch of the dungeon, and saw 1 of its levels.

Inventory:

Hand Weapons
 a - a +0 war axe (weapon)
Armour
 b - a +0 scale mail (worn)
 c - a +0 buckler (worn)
Scrolls
 e - a scroll of identify {unknown}
 f - 3 scrolls of blinking {unknown}
Potions
 d - a potion of might


   Skills:
 + Level 3.9 Fighting
 * Level 3.2 Axes
 + Level 3.9 Armour
 - Level 3.6 Shields


You had one spell level left.
You didn't know any spells.
Your spell library was empty.

Dungeon Overview and Level Annotations

Branches:
Dungeon (1/15)

Altars:


Innate Abilities, Weirdness & Mutations

You have a pair of horns on your head.
You reflexively headbutt those who attack you in melee.


Message History

The bush is lightly damaged.
You hit the bush but do no damage. x5
The ball python bites the bush but does no damage. x2
You hit the bush but do no damage.
You headbutt the bush, but do no damage.
The bush is lightly damaged.
You hit the bush but do no damage. You hit the bush.
You hit the bush but do no damage. x2; You hit the bush.
You hit the bush but do no damage.
The bush is lightly damaged.
You hit the bush but do no damage. x2; You hit the bush.
You hit the bush but do no damage. You hit the bush.
You hit the bush but do no damage.
You headbutt the bush, but do no damage.
The bush is lightly damaged.
You hit the bush but do no damage. You hit the bush.
You hit the bush but do no damage. x2; You hit the bush.
You hit the bush.
The bush is lightly damaged.
You completely miss the bush. You hit the bush but do no damage.
You hit the bush. You hit the bush but do no damage. You hit the bush.
You completely miss the bush.
You headbutt the bush, but do no damage.
The bush is lightly damaged.
You slash the bush! You hit the bush but do no damage. x3
You closely miss the ball python. You hit the bush but do no damage.
The ball python bites you but does no damage.
The ball python barely misses you.
The ball python bites you but does no damage.
The ball python grabs you. The ball python constricts you.
You hit the bush but do no damage. You headbutt the bush.
The bush is lightly damaged.
You hit the bush but do no damage. You hit the bush. You slash the bush!
You closely miss the ball python. You hit the bush but do no damage.
You hit the bush. The ball python barely misses you. You furiously retaliate!
You headbutt the ball python.
You kill the ball python!
No target in view!
No target in view!
No target in view!
No target in view!
No target in view!
No target in view!
A kobold comes into view. It is wielding a +0 short sword.
The kobold shouts!
You hear an angry hiss.
The kobold moves out of view.
You see here a ball python corpse.
Something bites the bush but does no damage.
A kobold is nearby!
The kobold hits you but does no damage.
You slash the kobold!
You kill the kobold!
You hit the bush but do no damage. x2; You slash the bush!
You hit the bush but do no damage.
No target in view!
No target in view!
No target in view!
No target in view!
No target in view!
No target in view!
Found a club.
Something bites the bush but does no damage.
Something bites the bush but does no damage. 2 rats come into view.
There are monsters nearby!
No reachable target in view!
No reachable target in view!
No reachable target in view!
No reachable target in view!
No reachable target in view!
No reachable target in view!
You hit the bush but do no damage. You completely miss the bush.
Something bites the bush but does no damage.
A ball python comes into view.
The ball python hisses angrily.
You slash the bush! You headbutt the bush!
The bush is lightly damaged.
You hit the bush but do no damage.
Found a ring mail.
The rat closely misses you. You furiously retaliate!
You headbutt the rat, but do no damage. You block the rat's attack.
You barely miss the rat. You hit the bush but do no damage. x3
You hit the bush. You hit the bush but do no damage.
The rat bites you but does no damage.
You hit the rat.
The rat is moderately wounded.
You hit the bush but do no damage. x2; You hit the bush. x2
You hit the bush but do no damage. The rat closely misses you.
The rat bites you but does no damage.
You hit the rat.
You kill the rat!
You hit the bush but do no damage. x5
The ball python bites you but does no damage.
The ball python grabs you. The ball python constricts you.
Something bites the bush but does no damage.
You see here a rat corpse.
You escape the ball python's grasp.
The ball python bites you but does no damage.
The ball python grabs you. The ball python constricts you.
Are you sure you want to abandon this character and quit the game? (Confirm with "yes".) P.....P...P#.##.# ### P.P.P.P.P†P#.##.## ....P.P.P.).P......... #.rPPPPPPP.PPP#.#####

.###..P...P.....P#.#
......PPP.P.P.P.P#.#
........P...P.P.P#.#
#.....PSP.P.P.PPP#.#
##.[P@†.P.P......#


#..PPP.PPPPPPP### #...)..######## ######## You could see a ball python and a
rat.

Vanquished Creatures
  5 endoplasms (D:1)
  A giant cockroach (D:1)
  2 hobgoblins (D:1)
  2 kobolds (D:1)
  A quokka (D:1)
  2 ball pythons (D:1)
  A bat (D:1)
  A frilled lizard (D:1)
  A rat (D:1)
  A bush (D:1)
17 creatures vanquished.

Notes
Turn   | Place    | Note
-------+----------+-------------------------------------------
     0 | D:1      | Flugkiller the Minotaur Fighter began the quest for the
                  | Orb.
     0 | D:1      | Reached XP level 1. HP: 19/19 MP: 0/0
   111 | D:1      | Reached XP level 2. HP: 27/27 MP: 1/1
   480 | D:1      | Quit the game

Illustrated notes

Levels and vault maps discovered:
D:1:      dpeg_arrival_ratfight, layout_loops_ring,
          shapermc_ecumenical_altar_petra, minmay_hedge_maze,
          nicolae_hexahallways

Skill      XL: |  1 |
---------------+----+-----
Axes           | 3 |  3.2
Fighting       | |  3.9
Armour         | |  3.9
Shields        | |  3.6

Action                   || total
-------------------------++-------
Melee: War axe           ||    71
       Headbutt          ||    21
Armor: Scale mail        ||    18
Dodge: Dodged            ||    14
Block: Buckler           ||     7
